 Dungeon Crawl Stone Soup version 0.31-a0-1074-g0b22e4e0f1 (webtiles) character file.

Game seed: 11538289141961196074

114 strifetoe the Chopper (level 4, -16/28 HPs)
             Began as a Gargoyle Fighter on Dec 8, 2023.
             Demolished by an ogre
             ... wielding a +0 giant club
              (23 damage)
             ... on level 3 of the Dungeon.
             The game lasted 00:01:38 (1259 turns).

strifetoe the Chopper (Gargoyle Fighter)            Turns: 1259, Time: 00:01:39

Health: -16/28     AC: 17    Str: 22    XL:     4   Next: 97%
Magic:  4/4        EV:  8    Int:  8    God:
Gold:   114        SH:  4    Dex:  9    Spells: 3/3 levels left

rFire   . . .        a - +0 war axe
rCold   . . .        c - +0 buckler
rNeg    + . .        j - +0 chain mail
rPois   ∞            (no helmet)
rElec   +            p - +0 cloak
rCorr   .            e - +2 pair of gloves
SInv    .            (no boots)
Will    .....        (no amulet) Stlth
                     (no ring)
HPRegen 0.24/turn    (no ring)
MPRegen 0.09/turn

%: no passive effects
@: no status effects
A: sickness immunity, AC +3, negative energy resistance 1, electricity
resistance, torment resistance 1, petrification resistance
a: no special abilities


You were on level 3 of the Dungeon.
You visited 1 branch of the dungeon, and saw 3 of its levels.

You collected 114 gold pieces.

Inventory:

Hand Weapons
 a - a +0 war axe (weapon)
Armour
 b - a +0 scale mail
 c - a +0 buckler (worn)
 e - a +2 pair of gloves (worn)
 j - a +0 chain mail (worn)
 p - a +0 cloak (worn)
Jewellery
 l - a +5 ring of evasion
 m - a +6 ring of intelligence
Scrolls
 f - a scroll of fog {unknown}
 g - a scroll of teleportation {unknown}
 k - 3 scrolls of identify {unknown}
 n - a scroll of noise {unknown}
 o - a scroll of silence {unknown}
Potions
 d - a potion of might
 h - a potion of haste {unknown}
 i - 2 potions of brilliance {unknown}


   Skills:
 - Level 3.2 Fighting
 + Level 4.5 Axes
 - Level 3.2 Armour
 - Level 3.2 Shields


You had 3 spell levels left.
You didn't know any spells.
Your spell library was empty.

Dungeon Overview and Level Annotations

Branches:
Dungeon (3/15)

Altars:


Innate Abilities, Weirdness & Mutations

You are immune to sickness and miasma.
Your stone body is resilient. (AC +3)
You are immune to poison.
You resist negative energy. (rN+)
You are resistant to electric shocks. (rElec)
You are resistant to unholy torment.
You are immune to petrification.


Message History

No target in view!
No target in view!
No target in view!
No target in view!
No target in view!
No target in view!
No target in view!
No target in view!
No target in view!
No target in view!
No target in view!
No target in view!
A goblin comes into view. It is wielding a +0 club.
The goblin shouts!
A goblin is nearby!
An orc and an ogre come into view.
The orc shouts!
The ogre shouts!
The goblin hits you with a +0 club.
You slash the goblin!
You kill the goblin!
Things that are here:
a +0 club; a goblin corpse You hit the ogre.
The ogre is lightly wounded.
You closely miss the orc.
The ogre hits you with a +0 giant club!!
Ouch! That really hurt!
* * * LOW HITPOINT WARNING * * *
You block the orc's attack.
You slash the ogre!
The ogre is moderately wounded.
You slash the orc!
You kill the orc!
The ogre barely misses you.
Unknown command.
You barely miss the ogre.
The ogre is moderately wounded.
The ogre hits you with a +0 giant club!!
Ouch! That really hurt!
You die...

###+#....####.#####+##
..^...#######..#.....
...................>..
.....................
#....?........###..
#$............# .
######.............#
...................#
.#.#.)@...........#
......O............#
#.....#.###........#
........# #.########
#.....#.# .# ........#
.# ..#.# ..# .... ...


You could see an ogre.

Vanquished Creatures
  4 adders
  2 worms (D:2)
  3 dart slugs
  An orc (D:3)
  8 ball pythons
  6 bats
  5 endoplasms
  5 giant cockroaches
  5 goblins
  5 hobgoblins
  4 jackals (D:1)
  6 kobolds
  A quokka (D:2)
  2 frilled lizards
  A rat (D:1)
58 creatures vanquished.

Notes
Turn   | Place    | Note
-------+----------+-------------------------------------------
     0 | D:1      | strifetoe the Gargoyle Fighter began the quest for the Orb.
     0 | D:1      | Reached XP level 1. HP: 14/14 MP: 1/1
    81 | D:1      | Reached skill level 2 in Axes
    99 | D:1      | Reached XP level 2. HP: 16/19 MP: 2/2
   204 | D:1      | Reached skill level 3 in Axes
   258 | D:1      | Reached XP level 3. HP: 23/23 MP: 3/3
   573 | D:2      | Reached XP level 4. HP: 28/28 MP: 4/4
   674 | D:2      | Reached skill level 4 in Axes
  1253 | D:3      | Noticed an ogre
  1259 | D:3      | Demolished by an ogre

Illustrated notes

Levels and vault maps discovered:
D:1:      minmay_arrival_wavy_path, layout_rooms, skrybe_limestone_x
D:2:      layout_rooms, hangedman_decor_growths
D:3:      cheibrodos_old_hovel, layout_basic, mainiacjoe_overflow_divided_tiny,
          st_stairs_2, uniq_ijyb

Skill      XL: |  1  2  3  4 |
---------------+-------------+-----
Axes           | 2 3 4 |  4.5
Fighting       | |  3.2
Armour         | |  3.2
Shields        | |  3.2

Action                     |  1- 3 |  4- 6 || total
---------------------------+-------+-------++-------
  Melee: War axe           |    88 |    83 ||   171
 Armour: Scale mail        |    57 |       ||    57
         Chain mail        |    25 |    72 ||    97
  Dodge: Dodged            |    46 |    36 ||    82
  Block: Buckler           |    32 |    15 ||    47

Table legend: (Time is in decaauts)
 A = Elapsed time spent in this place.
 B = Non-inter-level travel time spent in this place.
 C = Inter-level travel time spent in this place.
 D = Time resting spent in this place.
 E = Time spent auto-exploring this place.
 F = Levels seen in this place.
 G = Mean time per level.
                   A        B        C        D        E       F      G
               +--------+--------+--------+--------+--------+-----+--------+
         Total |   1320 |   1258 |     62 |      0 |    862 |   3 |  440.0 |
       Dungeon |   1320 |   1258 |     62 |      0 |    862 |   3 |  440.0 |
               +--------+--------+--------+--------+--------+-----+--------+

Top non-repeatable levels by time:
     D:1: 567 daAuts
     D:2: 552 daAuts
     D:3: 199 daAuts
